Map: Void Launch

Players

Sindyr

  • Race: Zerg Zerg
  • League: Gold
  • Spawn Location: 6:00

Siliatra

  • Race: Protoss Protoss
  • Spawn Location: 6:00

VOD

Have the link to the VOD?

Description

Time

  • Played on: Dec. 26, 2025, 6:56 a.m.
  • Length: 26:01
Show
View Real Time Build Order
Export as new Build Order

Sindyr Zerg 

Build Orders:  

Get SALT Encoding   

  12  0:06  Drone  
  13  0:27  Overlord  
  13  0:30  Drone  
  14  0:54  Drone x2, Roach Warren  
  15  1:25  Drone x2  
  15  1:26  Drone x3  
  15  1:27  Drone  
  21  1:31  Extractor  
  21  1:37  Extractor  
  19  1:44  Overlord  
  19  2:12  Drone  
  19  2:13  Drone x2  
  22  2:29  Overlord  
  22  2:30  Overlord  
  22  3:04  Roach x3  
  22  3:06  Roach  
  30  3:11  Drone  
  31  3:21  Overlord  
  31  3:59  Roach x3  
  37  4:00  Roach  
  37  4:39  Glial Reconstitution  
  37  4:42  Evolution Chamber  
  37  4:43  Drone x4  
  37  4:44  Drone x2  
  42  5:38  Roach x2  
  46  5:42  Roach  
  44  5:51  Bio-Mechanical Transfusion  
  46  6:03  Lair  
  44  6:35  Queen  
  44  6:53  Incubation Chamber  
  46  7:01  Queen  
  46  7:03  Hatchery  
  46  7:06  Overlord, Evolution Chamber  
  46  7:08  Overlord  
  44  7:11  Queen  
  46  7:31  Queen  
  48  7:44  Drone  
  48  7:45  Drone x5  
  56  8:28  Zerg Missile Weapons Level 1, Zerg Ground Armor Level 1  
  56  8:37  Drone x6  
  56  8:38  Drone x2  
  64  8:50  Roach  
  66  9:08  Drone x2  
  68  9:14  Overlord  
  68  9:15  Overlord x2  
  68  9:57  Roach x3  
  68  9:58  Roach x5  
  84  10:08  Drone x4  
  88  10:11  Drone  
  88  10:18  Queen  
  88  10:19  Queen  
  89  10:26  Queen  
  91  10:41  Queen  
  91  10:48  Queen x2  
  91  10:57  Drone  
  90  11:00  Extractor  
  90  11:02  Extractor  
  90  11:06  Roach  
  92  11:27  Queen  
  92  11:33  Queen  
  92  11:42  Roach  
  90  11:55  Queen x2  
  90  11:56  Queen  
  92  12:03  Queen  
  92  12:04  Brutalisk, Spire  
  85  12:41  Overseer  
  85  12:42  Overseer  
  85  12:48  Zerg Flyer Weapons Level 1  
  85  13:07  Drone x2  
  85  13:08  Drone x5  
  92  13:10  Overlord  
  92  13:11  Overlord x3  
  92  13:15  Queen x3  
  98  14:01  Vicious Glave  
  98  14:07  Mutalisk x3  
  98  14:08  Mutalisk x5  
  114  14:32  Mutalisk  
  112  14:43  Zerg Flyer Armor Level 1, Mutalisk x2  
  112  14:44  Mutalisk  
  112  14:45  Roach x5  
  124  15:00  Leviathan  
  116  15:40  Infestation Pit  
  116  15:47  Nydus Network  
  114  16:01  Rapid Regeneration  
  110  16:50  Hive  
  110  16:53  Overseer x2  
  110  16:56  Zerg Flyer Weapons Level 2  
  110  17:08  Nydus Canal  
  110  17:11  Queen  
  96  17:31  Mutalisk  
  96  17:37  Mutalisk x3  
  102  17:45  Mutalisk  
  104  17:56  Brutalisk  
  104  17:59  Leviathan  
  104  18:11  Overlord  
  104  18:12  Overlord x4  
  104  18:24  Zerg Flyer Armor Level 2  
  104  18:40  Queen  
  104  18:43  Zerg Missile Weapons Level 2  
  104  18:50  Zerg Ground Armor Level 2  
  104  19:04  Overlord x2  
  104  19:05  Overlord x2  
  106  19:30  Queen x2  
  106  19:46  Mutalisk x3  
  110  20:02  Mutalisk  
  106  20:22  Mutalisk  
  106  20:23  Mutalisk  
  106  20:28  Mutalisk  
  108  20:30  Leviathan  
  108  21:05  Sundering Glave  
  108  21:21  Deep Tunnel  
  108  21:31  Roach  
  108  21:52  Queen x4  
  108  21:53  Brutalisk  
  106  22:18  Zerg Flyer Weapons Level 3  
  110  22:40  Roach  
  110  22:52  Roach  
  108  23:02  Brutalisk  
  96  23:14  Brutalisk  
  96  23:26  Queen  
  88  23:54  Mutalisk  
  88  23:55  Mutalisk x5  
  88  23:56  Mutalisk  
  88  23:57  Roach  
  88  23:58  Roach x10, Queen  
  124  24:43  Brutalisk  
  120  24:51  Queen  
  120  24:52  Queen x3  
  118  25:17  Mutalisk  
  118  25:19  Roach  
  108  25:41  Brutalisk  
  108  25:45  Leviathan  
Show
View Real Time Build Order
Export as new Build Order

Siliatra Protoss 

Build Orders:  

Get SALT Encoding   

  12  0:02  Probe (Chrono Boost)  
  13  0:16  Probe (Chrono Boost)  
  14  0:26  Pylon  
  14  0:31  Probe (Chrono Boost)  
  15  0:51  Probe (Chrono Boost)  
  15  0:56  Gateway  
  16  1:05  Probe (Chrono Boost)  
  17  1:19  Probe (Chrono Boost)  
  18  1:34  Probe (Chrono Boost)  
  19  1:48  Probe (Chrono Boost)  
  20  1:57  Assimilator  
  20  2:02  Probe (Chrono Boost)  
  20  2:03  Cybernetics Core  
  21  2:10  Assimilator  
  21  2:15  Pylon  
  21  2:16  Probe (Chrono Boost)  
  22  2:30  Probe (Chrono Boost)  
  22  2:36  Pylon  
  23  2:44  Forge, Probe (Chrono Boost)  
  23  2:48  Legionnaire  
  27  3:00  Probe (Chrono Boost)  
  27  3:04  Kaldalis' A.I. Personality  
  28  3:15  Probe (Chrono Boost)  
  29  3:28  Probe (Chrono Boost)  
  30  3:42  Probe (Chrono Boost)  
  28  4:04  Probe (Chrono Boost)  
  29  4:18  Probe (Chrono Boost)  
  30  4:31  Probe (Chrono Boost)  
  30  4:33  Nexus  
  31  4:45  Probe (Chrono Boost)  
  32  4:59  Probe (Chrono Boost)  
  33  5:13  Probe (Chrono Boost)  
  33  5:18  Pylon  
  34  5:27  Probe (Chrono Boost)  
  35  5:35  Stargate  
  35  5:37  Stargate  
  35  5:41  Probe (Chrono Boost)  
  36  5:55  Probe (Chrono Boost)  
  37  6:09  Probe (Chrono Boost)  
  38  6:13  Probe (Chrono Boost)  
  39  6:22  Probe (Chrono Boost)  
  39  6:27  Probe (Chrono Boost)  
  39  6:29  Cybernetics Core  
  41  6:33  Stargate  
  41  6:36  Probe (Chrono Boost)  
  42  6:42  Probe (Chrono Boost)  
  42  6:44  Scout x2  
  49  6:53  Probe (Chrono Boost)  
  49  6:59  Probe (Chrono Boost)  
  51  7:08  Scout x2  
  52  7:10  Probe (Chrono Boost)  
  52  7:18  Mojo's A.I. Personality  
  58  7:49  Assimilator  
  41  8:27  Probe (Chrono Boost)  
  40  8:39  Scout  
  40  8:45  Scout  
  46  8:55  Nexus  
  46  8:58  Protoss Air Weapons Level 1, Protoss Air Armor Level 1  
  46  8:59  Pylon  
  46  9:01  Pylon  
  46  9:04  Pylon  
  46  9:12  Pylon  
  46  9:16  Assimilator  
  46  9:36  Fleet Beacon  
  46  10:07  Scout  
  46  10:13  Scout  
  52  10:35  Probe (Chrono Boost)  
  52  10:38  Probe (Chrono Boost)  
  54  10:55  Probe (Chrono Boost)  
  53  11:12  Probe (Chrono Boost)  
  51  11:57  Scout  
  51  12:01  Nexus  
  51  12:03  Scout  
  57  12:15  Pylon x2  
  45  12:22  Scout  
  48  12:33  Scout  
  52  12:40  Probe (Chrono Boost)  
  52  12:46  Scout  
  52  12:51  Protoss Air Weapons Level 2  
  52  12:54  Protoss Air Armor Level 2  
  52  12:57  Probe (Chrono Boost)  
  56  13:03  Scout  
  56  13:05  Combat Sensor Array  
  59  13:14  Probe (Chrono Boost)  
  60  13:25  Scout  
  61  13:31  Probe (Chrono Boost)  
  61  13:39  Scout  
  67  13:49  Probe (Chrono Boost)  
  69  13:50  Probe (Chrono Boost)  
  69  14:03  Probe (Chrono Boost)  
  69  14:04  Probe (Chrono Boost)  
  71  14:17  Probe x2 (Chrono Boost)  
  73  14:43  Probe x2 (Chrono Boost)  
  75  14:50  Observation Protocol  
  75  14:57  Probe (Chrono Boost)  
  76  15:01  Scout x2  
  70  15:14  Probe x2 (Chrono Boost)  
  72  15:28  Probe x2 (Chrono Boost)  
  74  15:34  Photon Cannon  
  74  15:35  Scout x2, Photon Cannon  
  74  15:36  Scout  
  74  15:38  Photon Cannon  
  83  15:42  Probe x2 (Chrono Boost)  
  85  15:54  Twilight Council  
  85  15:58  Protoss Shields Level 1  
  85  16:18  Scout x2  
  85  16:19  Scout  
  85  17:34  Protoss Air Weapons Level 3, Protoss Air Armor Level 3  
  85  17:41  Scout x3  
  85  17:46  Pylon  
  91  18:10  Pylon  
  91  18:11  Scout  
  91  18:16  Pylon  
  91  18:18  Pylon x2  
  94  18:20  Pylon  
  94  18:21  Pylon  
  94  18:30  Scout  
  94  18:31  Scout  
  100  18:44  Scout  
  100  18:45  Protoss Shields Level 2  
  103  19:00  Scout  
  103  19:04  Probe (Chrono Boost)  
  107  19:15  Scout x2  
  113  19:22  Stargate  
  71  20:19  Scout x3  
  71  20:38  Scout  
  74  20:48  Graviton Catapult  
  74  20:49  Scout x2  
  80  20:59  Carrier  
  85  21:28  Probe (Chrono Boost)  
  86  21:42  Carrier x2  
  86  21:44  Scout  
  101  21:50  Warp Gate  
  68  22:51  Carrier  
  74  23:02  Gateway x2  
  74  23:13  Gateway  
  74  23:14  Gateway  
  74  23:35  Scout  
  77  23:42  Scout  
  80  23:56  Scout  
  89  24:11  Gateway  
  89  24:13  Gateway  
  89  24:15  Gateway  
  95  24:35  Pylon  
Tags
 
Commander
AbathurFenix
League
Gold
Matchup
Co-op
Replay Pack
Multiplayer
Add a new tag
Caveats
  • Supply blocks, unpowered buildings, or Contaminate may cause inaccurate times.
  • Supply counts are checked every 10 seconds.